 Dungeon Crawl Stone Soup version 0.28-b1-25-g9875b3fc8c (webtiles) character file.

Game seed: 14703890150104130689

29 crazypyro the Skirmisher (level 3, 0/33 HPs)
             Began as a Minotaur Fighter on Feb 2, 2022.
             Succumbed to an adder's poison
             ... on level 2 of the Dungeon.
             The game lasted 00:00:43 (688 turns).

crazypyro the Skirmisher (Minotaur Fighter)          Turns: 688, Time: 00:00:43

Health: 0/33       AC:  7    Str: 28    XL:     3   Next: 1%
Magic:  2/2        EV:  9    Int:  5    God:
Gold:   5          SH:  5    Dex: 15    Spells: 2/2 levels left

rFire   . . .      SeeInvis .   a - +0 flail
rCold   . . .      Faith    .   c - +0 buckler
rNeg    . . .      Spirit   .   b - +0 scale mail
rPois   .          Reflect  .   (helmet restricted)
rElec   .          Harm     .   (no cloak)
rCorr   .          Rampage  .   (no gloves)
Will    .....                   (no boots)
Stlth   ..........              (no amulet)
HPRegen 0.11/turn               g - +6 ring of strength
MPRegen 0.08/turn               h - +6 ring of dexterity

@: lethally poisoned (0 -> -3)
A: horns 2, retaliatory headbutt
a: no special abilities


You were on level 2 of the Dungeon.
You visited 1 branch of the dungeon, and saw 2 of its levels.

You collected 5 gold pieces.

Inventory:

Hand Weapons
 a - a +0 flail (weapon)
Armour
 b - a +0 scale mail (worn)
 c - a +0 buckler (worn)
Jewellery
 g - a +6 ring of strength (left hand)
 h - a +6 ring of dexterity (right hand)
Scrolls
 e - 2 scrolls of identify {unknown}
 i - a scroll of enchant armour {unknown}
Potions
 d - a potion of might
 f - a potion of haste


   Skills:
 + Level 4.0 Fighting
 * Level 3.2 Maces & Flails
 + Level 4.0 Armour
 + Level 3.9 Shields


You had 2 spell levels left.
You didn't know any spells.
Your spell library was empty.

Dungeon Overview and Level Annotations

Branches:
Dungeon (2/15)

Altars:

Shops:
D:2 ?


Innate Abilities, Weirdness & Mutations

You have a pair of horns on your head.
You reflexively headbutt those who attack you in melee.


Message History

You block the adder's attack. The adder barely misses you.
You block the endoplasm's attack. The adder bites you.
You are more poisoned.
The adder poisons you!
You hit the adder.
You kill the adder!
You feel sick. The endoplasm barely misses you.
The adder bites you but does no damage.
Your Fighting skill increases to level 4!
Your Armour skill increases to level 4!
You have reached level 3!
Your experience leads to an increase in your attributes!
Your base attributes are Str 20, Int 5, Dex 9.
Increase (S)trength, (I)ntelligence, or (D)exterity?
You feel stronger. x2
You hit the adder. Your headbutt misses the adder.
The adder is moderately wounded.
You feel sick. The adder bites you but does no damage.
The endoplasm freezes you.
You are frozen.
You closely miss the adder.
The adder is moderately wounded.
You feel sick. The adder bites you but does no damage. The endoplasm hits you.
* * * LOW HITPOINT WARNING * * *
You hit the adder but do no damage. You headbutt the adder.
The adder is almost dead.
You feel sick. The adder bites you but does no damage.
The endoplasm barely misses you. The adder closely misses you.
You closely miss the adder.
The adder is almost dead.
You feel sick. The endoplasm freezes you.
You are frozen.
* * * LOW HITPOINT WARNING * * *
The adder bites you but does no damage.
It was a potion of cancellation.
Your magical effects are unravelling.
You feel magically purged.
You feel yourself slow down.
You die...

#.....#....... .
#.^...#.....##..
#.....#.........
#...........#
#........)..#
#....<......#
###.......####.#
#.....Jg......
#.....@.###..#
#.....S†# #
.....∩.....
........#..#
..............
##.##...#..###
#< ###..... #
### ##.


You could see an adder, an endoplasm and a hobgoblin.

Vanquished Creatures
  An adder (D:2)
  2 endoplasms (D:1)
  A giant cockroach (D:1)
  3 goblins
  2 hobgoblins
  3 quokkas (D:1)
  A frilled lizard (D:1)
  5 rats (D:1)
18 creatures vanquished.

Notes
Turn   | Place    | Note
-------+----------+-------------------------------------------
     0 | D:1      | crazypyro the Minotaur Fighter began the quest for the Orb.
     0 | D:1      | Reached XP level 1. HP: 19/19 MP: 0/0
   170 | D:1      | Reached XP level 2. HP: 27/27 MP: 1/1
   665 | D:2      | Found Jalie's Magic Scroll Emporium.
   684 | D:2      | Reached XP level 3. HP: 15/33 MP: 2/2
   687 | D:2      | HP: 1/33 [frozen (5)]
   688 | D:2      | Succumbed to an adder's poison

Illustrated notes

Levels and vault maps discovered:
D:1:      scummos_arrival_hexagon, layout_basic
D:2:      layout_rooms, serial_shops, shop, nicolae_shop_crystal, shop_statue

Skill      XL: |  1  2 |
---------------+-------+-----
Maces & Flails | 3 |  3.2
Fighting       | 4 |  4.0
Armour         | 4 |  4.0
Shields        | |  3.9

Action                   || total
-------------------------++-------
Melee: Flail             ||    38
       Headbutt          ||     6
  Use: Potion            ||     2
Armor: Scale mail        ||    19
Dodge: Dodged            ||    20
Block: Buckler           ||     6
